 Dungeon Crawl Stone Soup version 0.23.0 (webtiles) character file.

Game seed: 9105552684087542811

403 Hylith the Chopper (level 6, -4/57 HPs)
             Began as a Minotaur Berserker on Feb 11, 2019.
             Was a Priest of Trog.
             Slain by a thrashing horror (9 damage)
             ... on level 4 of the Abyss on Feb 12, 2019.
             The game lasted 00:07:20 (2523 turns).

Hylith the Chopper (Minotaur Berserker)             Turns: 2523, Time: 00:07:21

Health: -4/57      AC:  5    Str: 24    XL:     6   Next: 55%
Magic:  5/5        EV: 12    Int:  4    God:    Trog [***...]
Gold:   193        SH:  0    Dex:  9    Spells: 5/5 levels left

rFire    . . .     SeeInvis .   m - +0 war axe
rCold    . . .     Gourm    .   (no shield)
rNeg     . . .     Faith    .   n - +0 ring mail
rPois    .         Spirit   .   (helmet restricted)
rElec    .         Reflect  .   (no cloak)
rCorr    .         Harm     .   (no gloves)
MR       ++...                  (no boots)
Stlth    ..........             (no amulet)
HPRegen  1.00/turn              (no ring)
MPRegen  0.09/turn              (no ring)

@: recuperating, mildly diseased
A: retaliatory headbutt, horns 2
a: Berserk, Trog's Hand, Renounce Religion


You were on level 4 of the Abyss.
You worshipped Trog.
Trog was most pleased with you.
You were very hungry.

You visited 1 branch of the dungeon, and saw 3 of its levels.
You visited the Abyss 1 time.

You collected 193 gold pieces.

Inventory:

Hand Weapons
 a - a +0 hand axe
 j - a +1 scythe of distortion
 m - a +0 war axe (weapon)
 q - a cursed +0 spear
Missiles
 o - 2 tomahawks of returning (quivered)
Armour
 n - a +0 ring mail (worn)
Scrolls
 d - a scroll of enchant weapon {unknown}
 h - a scroll of blinking {unknown}
 i - a scroll of identify {unknown}
 p - a scroll of fog {unknown}
Potions
 b - a potion of haste {unknown}
 e - a potion of degeneration {unknown}
 f - a potion of curing {unknown}
 g - a potion of heal wounds {unknown}
 k - 3 potions of flight {unknown}
 l - a potion of agility {unknown}
 r - a potion of ambrosia {unknown}
Comestibles
 c - 7 rations


   Skills:
 * Level 5.9 Fighting
 * Level 6.5 Axes
 * Level 3.8 Armour
 + Level 3.0 Dodging


You had 5 spell levels left.
You didn't know any spells.
Your spell library was empty.

Dungeon Overview and Level Annotations

Branches:
Dungeon (3/15)

Altars:

Annotations:
D:3 Crazy Yiuf


Innate Abilities, Weirdness & Mutations

You reflexively headbutt those who attack you in melee.
You have a pair of horns on your head.


Message History

You feel yourself growing ill in the presence of the ancient zyme.
The small abomination moves out of view.
The thrashing horror roars!
The thrashing horror tramples you but does no damage. x2
Found a gateway leading out of the Abyss.
A spatial vortex comes into view.
The thrashing horror roars!
The thrashing horror tramples you but does no damage.
The thrashing horror closely misses you.
The thrashing horror tramples you.
* * * LOW HITPOINT WARNING * * *
You stumble backwards!
The thrashing horror tramples you.
* * * LOW HITPOINT WARNING * * *
You stumble backwards!
The thrashing horror tramples you.
* * * LOW HITPOINT WARNING * * *
You stumble backwards!
You feel ill.
The thrashing horror roars!
The thrashing horror tramples you!
You die...

.#.. ####
...#... .#.#.
#... ####..##
#.#.#..#
#.#....#
#.X..x.## #.v
#@##x...###.....
.##.#.#.#...#
........####
#.#..##...#
#∩..#...####
...####.# #.
#...# .# ###.###
# .#. #..###..
...


You could see a thrashing horror and a small abomination.

Vanquished Creatures
  Sigmund (D:2)
  An orc priest (D:3)
  Jessica (D:2)
  Natasha (thrice) (D:2)
  5 adders
  A worm (D:3)
  2 dart slugs (D:1)
  2 leopard geckos
  7 orcs (D:3)
  8 bats
  2 giant cockroaches
  8 goblins
  8 hobgoblins
  6 jackals
  2 ball pythons
  2 frilled lizards (D:1)
  4 kobolds (D:2)
  6 rats
69 creatures vanquished.

Notes
Turn   | Place    | Note
-------+----------+-------------------------------------------
     0 | D:1      | Hylith the Minotaur Berserker began the quest for the Orb.
     0 | D:1      | Reached XP level 1. HP: 19/19 MP: 0/0
    59 | D:1      | Reached skill level 4 in Axes
   131 | D:1      | Reached XP level 2. HP: 24/27 MP: 1/1
   344 | D:1      | Reached XP level 3. HP: 32/33 MP: 2/2
   409 | D:1      | Reached ** piety under Trog
   811 | D:2      | Noticed Sigmund
   828 | D:2      | Killed Sigmund
   828 | D:2      | Reached skill level 5 in Fighting
   828 | D:2      | Reached skill level 5 in Axes
   828 | D:2      | Reached XP level 4. HP: 26/42 MP: 3/3
   828 | D:2      | Reached XP level 5. HP: 30/48 MP: 4/4
  1009 | D:2      | Noticed Jessica
  1011 | D:2      | Killed Jessica
  1029 | D:2      | Reached skill level 6 in Axes
  1347 | D:2      | Noticed Natasha
  1355 | D:2      | Killed Natasha
  1355 | D:2      | Reached XP level 6. HP: 37/56 MP: 5/5
  1520 | D:2      | Noticed Natasha
  1528 | D:2      | Killed Natasha
  1704 | D:2      | Noticed Natasha
  1710 | D:2      | Killed Natasha
  1938 | D:3      | Reached *** piety under Trog
  2043 | D:3      | Found a runed translucent door.
  2044 | D:3      | Noticed Crazy Yiuf
  2398 | D:3      | Cast into level 1 of the Abyss (Crazy Yiuf)
  2463 | Abyss:3  | Found a corrupted altar of Lugonu.
  2480 | Abyss:3  | Noticed a jiangshi
  2510 | Abyss:4  | Noticed a thrashing horror
  2515 | Abyss:4  | Noticed a chaos spawn
  2517 | Abyss:4  | Noticed an ancient zyme
  2517 | Abyss:4  | Noticed a small abomination
  2519 | Abyss:4  | Noticed a spatial vortex
  2523 | Abyss:4  | Slain by a thrashing horror

Skill      XL: |  1  2  3  4  5  6 |
---------------+-------------------+-----
Axes           | 4 5 6 |  6.5
Fighting       | 4 5 |  5.9
Armour         | 3 |  3.8
Dodging        | 3 |  3.0

Action                   |  1- 3 |  4- 6 || total
-------------------------+-------+-------++-------
Melee: Hand axe          |    74 |    44 ||   118
       Headbutt          |    10 |    14 ||    24
       War axe           |       |    31 ||    31
Invok: Berserk           |     1 |       ||     1
       Trog's Hand       |       |     1 ||     1
  Eat: Chunk             |       |     2 ||     2
       Ration            |       |     1 ||     1
Armor: Leather armour    |    26 |    10 ||    36
       Animal skin       |     1 |       ||     1
       Ring mail         |       |     4 ||     4
Dodge: Dodged            |    49 |    48 ||    97
